 Dungeon Crawl Stone Soup version 0.23.0 (webtiles) character file.

Game seed: 10481171057742329321

279797 Debik the Earth Mage (level 20, -3/117 HPs)
             Began as a Gargoyle Earth Elementalist on Feb 9, 2019.
             Was the Champion of Vehumet.
             Slain by a +3 dire flail of holy wrath (17 damage)
             ... on level 2 of the Elven Halls.
             The game lasted 02:41:27 (47957 turns).

Debik the Earth Mage (Gargoyle Earth Elementalist) Turns: 47957, Time: 02:41:28

Health: -3/117     AC: 26    Str: 17    XL:     20   Next: 46%
Magic:  7/50       EV: 13    Int: 27    God:    Vehumet [******]
Gold:   241        SH:  3    Dex:  5    Spells: 14/54 levels left

rFire    . . .     SeeInvis +   t - +10 quarterstaff of Poriu {speed, +Blink rElec Int+3 Dex-5}
rCold    . . .     Gourm    .   (shield currently unavailable)
rNeg     + . .     Faith    .   N - +2 robe {Archmagi}
rPois    ∞         Spirit   .   m - +2 helmet {SInv}
rElec    +         Reflect  +   H - scarf {repulsion}
rCorr    .         Harm     .   S - +2 pair of gloves
MR       ++...                  p - +0 pair of boots
Stlth    ++........             z - +3 amulet of reflection
HPRegen  0.29/turn              f - ring of Jaoqeugid {MP+9 Str+4 Dex+2}
MPRegen  0.32/turn              I - ring of protection from magic

@: flying, slightly contaminated, repel missiles
A: big wings, blurry vision 1, clumsy 1, frail 1, negative energy resistance 1,
electricity resistance, unbreathing, petrification resistance, rot immunity,
subdued magic 1, AC +15
}: 2/15 runes: decaying, serpentine
a: Stop Flying, Renounce Religion, Evoke Blink


You were on level 2 of the Elven Halls.
You worshipped Vehumet.
Vehumet was exalted by your worship.
You were hungry.

You visited 6 branches of the dungeon, and saw 33 of its levels.
You visited 1 bazaar.
You also visited: Ice Cave.

You collected 4687 gold pieces.
You spent 4446 gold pieces at shops.

Inventory:

Hand Weapons
 t - the +10 quarterstaff of Poriu (weapon) {speed, +Blink rElec Int+3 Dex-5}
   (You found it on level 11 of the Dungeon)

   Attacks with this weapon are significantly faster.
   It affects your intelligence (+3).
   It affects your dexterity (-5).
   It insulates you from electricity.
   It lets you blink.
Missiles
 y - 565 stones (quivered)
 J - 4 throwing nets
Armour
 m - a +2 helmet of see invisible (worn)
 p - a +0 pair of boots (worn)
 H - a scarf of repulsion (worn)
 L - a +2 buckler
 N - a +2 robe of the Archmagi (worn)
 S - a +2 pair of gloves (worn)
Magical Staves
 F - an uncursed staff of energy
 T - an uncursed staff of fire
Jewellery
 c - an uncursed ring of protection from fire
 f - the ring of Jaoqeugid (left hand) {MP+9 Str+4 Dex+2}
   (You found it on level 14 of the Dungeon)

   [ring of magical power]

   It affects your strength (+4).
   It affects your dexterity (+2).
   It affects your magic capacity (+9).
 n - an uncursed ring of resist corrosion
 u - the ring "Dopneh" {Ice Int+5 Stlth+}
   (You bought it in a shop on level 2 of the Elven Halls)

   [ring of ice]

   It enhances your ice magic.
   It affects your intelligence (+5).
   It makes you vulnerable to fire.
   It protects you from cold.
   It makes you more stealthy.
 z - a +3 amulet of reflection (around neck)
 C - an uncursed ring of protection from cold
 I - a ring of protection from magic (right hand)
 U - an uncursed ring of wizardry
Wands
 A - a wand of iceblast (48)
Scrolls
 a - 3 scrolls of teleportation
 b - 2 scrolls of magic mapping
 g - 6 scrolls of enchant weapon
 i - 7 scrolls of enchant armour
 l - 16 scrolls of remove curse
 o - 2 scrolls of blinking
 B - 7 scrolls of amnesia
 E - 11 scrolls of identify
 K - a scroll of brand weapon
 M - 6 scrolls of fear
 Q - 3 scrolls of fog
 R - 2 scrolls of summoning
 V - 2 scrolls of holy word
Potions
 e - 2 potions of heal wounds
 h - a potion of berserk rage
 j - 4 potions of agility
 q - 3 potions of invisibility
 r - 5 potions of brilliance
 s - 11 potions of curing
 v - 5 potions of haste
 x - 6 potions of lignification
 D - 6 potions of resistance
 G - a potion of magic
 O - 3 potions of ambrosia
 P - 8 potions of might
Miscellaneous
 W - a fan of gales
Comestibles
 d - 61 rations
 k - a chunk of flesh


   Skills:
 * Level 15.7 Fighting
   Level 1.0 Short Blades
 + Level 8.1 Staves
 + Level 6.9 Dodging
 + Level 5.0 Stealth
 + Level 2.4 Shields
 + Level 0.4 Unarmed Combat
 + Level 17.8 Spellcasting
 + Level 12.6 Conjurations
 + Level 6.1 Transmutations
 + Level 7.9 Fire Magic
 + Level 0.8 Ice Magic
 + Level 0.3 Air Magic
 + Level 20.4 Earth Magic
 + Level 0.1 Evocations


You had 14 spell levels left.
You knew the following spells:

 Your Spells              Type           Power        Failure   Level  Hunger
a - Sandblast             Erth           ######       0%          1    None
b - Summon Lightning Spi  Summ/Air       ####....     16%         4    None
d - Lee's Rapid Deconstr  Erth           ########..   0%          5    None
e - Stone Arrow           Conj/Erth      ######       0%          3    None
f - Fireball              Conj/Fire      #######...   1%          5    None
r - Iron Shot             Conj/Erth      #######...   1%          6    ###....
w - Bolt of Draining      Conj/Necr      ######....   1%          5    None
x - Freezing Cloud        Conj/Ice/Air   ######....   11%         6    ###....
z - Irradiate             Conj/Tmut      ######....   1%          5    None

Your spell library contained the following spells:

 Spells                   Type           Power        Failure   Level  Hunger
 Lehudib's Crystal Spear  Conj/Erth      #######...   3%          8    ######.
 Ignition                 Fire           ######....   69%         8    ######.
 Glaciate                 Conj/Ice       ######....   100%        9    #######
 Flame Tongue             Conj/Fire      #####        0%          1    None
 Magic Dart               Conj           ####         0%          1    None
 Passwall                 Tmut/Erth      #######.     0%          2    None
 Searing Ray              Conj           ######       0%          2    None
 Animate Skeleton         Necr           N/A          1%          1    None
 Apportation              Tloc           ####..       1%          1    None
 Confusing Touch          Hex            ####..       1%          1    None
 Corona                   Hex            ####...      1%          1    None
 Freeze                   Ice            ####         1%          1    None
 Pain                     Necr           ####         1%          1    None
 Sting                    Conj/Pois      ####         1%          1    None
 Summon Small Mammal      Summ           ####         1%          1    None
 Ensorcelled Hibernation  Hex/Ice        ####..       1%          2    None
 Poisonous Vapours        Pois/Air       ####..       1%          2    None
 Throw Frost              Conj/Ice       ######       1%          2    None
 Conjure Flame            Conj/Fire      #######.     1%          3    None
 Dazzling Spray           Conj/Hex       ######       1%          3    None
 Inner Flame              Hex/Fire       ######..     1%          3    None
 Mephitic Cloud           Conj/Pois/Air  ######..     1%          3    None
 Force Lance              Conj/Tloc      ######..     1%          4    None
 Fulminant Prism          Conj/Hex       ######....   1%          4    None
 Iskenderun's Mystic Bla  Conj           #######.     1%          4    None
 Leda's Liquefaction      Hex/Erth       #######...   1%          4    None
 Petrify                  Tmut/Erth      #######.     1%          4    None
 Throw Icicle             Conj/Ice       ######..     1%          4    None
 Call Imp                 Summ           ####....     2%          2    None
 Corpse Rot               Necr           N/A          2%          2    None
 Slow                     Hex            ####....     2%          2    None
 Ozocubu's Armour         Chrm/Ice       ####....     3%          3    None
 Call Canine Familiar     Summ           ####....     4%          3    None
 Confuse                  Hex            ####....     4%          3    None
 Gell's Gravitas          Tloc           ####......   4%          3    None
 Portal Projectile        Hex/Tloc       ####..       4%          3    None
 Recall                   Summ/Tloc      N/A          4%          3    None
 Summon Guardian Golem    Hex/Summ       ####....     4%          3    None
 Tukima's Dance           Hex            ####....     4%          3    None
 Summon Ice Beast         Ice/Summ       ####....     13%         4    None
 Cause Fear               Hex            ####......   16%         4    None
 Hydra Form               Tmut           ######....   21%         6    ###....
 Spellforged Servitor     Conj/Summ      ######....   28%         7    #####..
 Agony                    Necr           ####....     43%         5    None
 Dispel Undead            Necr           ####....     43%         5    None
 Excruciating Wounds      Chrm/Necr      ####......   43%         5    None
 Summon Forest            Summ/Tloc      ####......   43%         5    None
 Dragon Form              Tmut           ######....   77%         7    #####..
 Ring of Flames           Chrm/Fire      ######....   96%         7    #####..
 Summon Hydra             Summ           ####......   100%        7    #####..
 Controlled Blink         Tloc           N/A          100%        8    ######.
 Statue Form              Tmut/Erth      Unusable     N/A         6    N/A
 Sublimation of Blood     Necr           Unusable     N/A         2    N/A

Dungeon Overview and Level Annotations

Branches:
Dungeon (15/15)            Temple (0/1) D:6            Lair (6/6) D:11
  Swamp (4/4) Lair:2        Snake (4/4) Lair:4        Slime (0/5) Lair:5
    Orc (2/2) D:12            Elf (2/3) Orc:2        Vaults (0/5) D:13
 Depths (0/5) D:15

Altars:
Ashenzari
Cheibriados
Elyvilon
Kikubaaqudgha
Makhleb
Okawaru
Ru
Sif Muna
Uskayaw
Vehumet
Beogh

Shops:
D:8 *[(*   D:12 }   Orc:2 =%:}*   Elf:2 }==   Snake:1 %


Innate Abilities, Weirdness & Mutations

You are resistant to torment.
Your stone body is resilient. (AC +15)
You are immune to poison.
Your large and strong wings let you fly indefinitely.
You resist negative energy. (rN+)
You are resistant to electric shocks. (rElec)
You can survive without breathing.
You are immune to petrification.
You are immune to rotting.
Scrolls take you a little longer to read.
You are clumsy. (Dex -2)
You are frail. (-10% HP)
Your spells are a little easier to cast, but a little less powerful.


Message History

Unknown command.
You feel much better.
The deep elf knight gestures at you while chanting.
The shard of ice is repelled.
The +3 dire flail of holy wrath hits you!
* * * LOW HITPOINT WARNING * * *
The +0 bardiche of draining hits you from afar.
* * * LOW HITPOINT WARNING * * *
The deep elf knight unwields a +0 longbow.
The deep elf knight wields a +0 long sword.
The deep elf knight completely misses you.
The +3 dire flail of holy wrath hits you but does no damage.
Really read with blurry vision while enemies are nearby?
You begin reading the scroll.
You continue reading the scroll.
The +3 dire flail of holy wrath hits you.
* * * LOW HITPOINT WARNING * * *
The deep elf mage casts a spell.
You block the +0 bardiche of draining's attack.
The +3 dire flail of holy wrath hits you!
You die...

#.# #........ ....
#.# #....... ....
#.#
#)....#.............
# #.# #.)).#
#...........# ###'##
#..(.# #..........##
.....## #...##
#........## (.....##
#.e(## ##.........##
.).....#
#.(()###...........#
[......#
#.e@Y.#.............
.).....#
##.....)............
.......#
##...)##...##...##.
.......#
##..####.####.####
......## #### ###
### # .....## ######


You could see a deep elf knight, a deep elf mage, an ice beast and 3 dancing
weapons.

Vanquished Creatures
  Saint Roka (Snake:3)
  Vashnia (Snake:2)
  A deep elf blademaster (Elf:2)
  A thorn hunter (Swamp:4)
  Roxanne (Swamp:3)
  12 nagarajas
  The ghost of reggie the Thaumaturge, a journeyman DrWz of Sif Muna (Swamp:3)
  A deep elf sorcerer (Elf:1)
  2 stone giants
  Nessos (D:14)
  A deep elf annihilator (Elf:2)
  Josephine (Swamp:1)
  A fire dragon (Lair:6)
  Harold (Lair:1)
  25 hydras
  Erolcha (D:9)
  12 naga warriors
  22 anacondas
  4 vault guards (D:13)
  A ghost crab (Swamp:1)
  A catoblepas (Lair:4)
  2 centaur warriors
  5 shambling mangroves
  6 two-headed ogres
  16 dancing weapons
  A death knight (D:12)
  13 alligators
  An ogre mage (D:15)
  14 naga sharpshooters
  Urug (Lair:2)
  8 shock serpents
  3 orc high priests (Orc:2)
  3 spriggans
  5 death yaks
  Sonja (Lair:5)
  10 deep elf knights
  A salamander mystic (Snake:4)
  A wizard (D:15)
  6 unseen horrors
  2 spriggan druids (Swamp:4)
  13 swamp dragons
  A lindwurm (Lair:5)
  7 naga ritualists
  An obsidian statue (D:13)
  7 deep elf archers
  4 orc knights (Orc:2)
  66 deep elf magi
  A necromancer (IceCv)
  6 ugly things
  9 mana vipers
  A manticore (shapeshifter) (D:14)
  3 oklob plants (Lair:3)
  7 orc sorcerers
  7 salamanders
  4 cyclopes
  3 centaur zombies (D:15)
  20 naga magi
  11 guardian serpents
  2 manticores (Lair:4)
  Joseph (Lair:1)
  2 torpor snails
  37 black mambas
  8 elephants
  2 ice statues (IceCv)
  22 spiny frogs
  4 gargoyles
  A rime drake (Lair:4)
  A freezing wraith (D:15)
  8 ice devils (IceCv)
  12 komodo dragons
  A rime drake (shapeshifter) (Elf:1)
  A queen bee (Lair:4)
  3 trolls
  10 hornets
  6 meliai
  12 tyrant leeches
  9 polar bears (Lair:6)
  9 hippogriffs
  13 slime creatures
  20 blink frogs
  A raiju (Lair:6)
  A slime creature (shapeshifter) (Elf:2)
  18 dream sheep
  16 bog bodies
  3 air elementals (Elf:2)
  2 shadows
  3 wyverns
  2 water elementals
  7 wraiths
  A spriggan (shapeshifter) (Elf:2)
  3 fire elementals (Elf:2)
  7 humans
  4 basilisks
  55 yaks
  3 hungry ghosts
  4 steam dragons (Lair:6)
  12 vampire mosquitoes
  61 nagas
  15 swamp worms
  6 wargs
  16 hell hounds (Lair:6)
  17 insubstantial wisps
  An acid dragon (Lair:6)
  A soldier ant (D:14)
  22 water moccasins
  15 porcupines
  7 swamp drakes
  A necrophage (D:5)
  16 ogres
  23 orc warriors
  5 ice beasts
  5 sky beasts
  11 black bears (Lair:6)
  4 phantoms
  4 boggarts (D:15)
  An eye of draining (D:15)
  33 wolves
  8 centaurs
  5 big kobolds
  14 crocodiles
  A gnoll sergeant (D:12)
  17 bullfrogs
  An earth elemental (Elf:2)
  A wyvern skeleton (D:8)
  6 scorpions
  31 killer bees
  8 howler monkeys
  4 wights (D:10)
  An electric eel (D:14)
  8 crimson imps
  2 bullfrog zombies
  5 quasits
  3 draconian simulacra (IceCv)
  7 jellies
  8 hounds
  26 orc wizards
  16 orc priests
  3 bullfrog skeletons
  3 centaur skeletons
  7 hell rats (Lair:6)
  7 iguanas
  A spriggan simulacrum (IceCv)
  2 troll simulacra (IceCv)
  2 worker ants
  A centaur simulacrum (IceCv)
  A hound zombie (D:7)
  Robin (D:4)
  16 adders
  11 gnolls
  2 naga simulacra (IceCv)
  An ogre simulacrum (IceCv)
  3 shadow imps
  2 oozes
  An adder zombie (D:9)
  3 worms
  2 dart slugs
  5 leopard geckos
  85 orcs
  3 giant cockroaches
  16 goblins
  9 hobgoblins
  21 jackals
  4 quokkas
  3 ball pythons
  7 bats
  6 frilled lizards
  A jackal zombie (D:6)
  18 kobolds
  A quokka skeleton (D:5)
  15 rats
  2 fungi (Lair:6)
  3 plants
1392 creatures vanquished.

Vanquished Creatures (others)
  A guardian serpent (Snake:4)
  A hippogriff (D:11)
  6 humans
  A centaur (D:14)
  An orc priest (Orc:1)
  3 briar patches (Swamp:4)
  25 fungi
  49 plants
87 creatures vanquished.

Grand Total: 1479 creatures vanquished

Notes
Turn   | Place    | Note
-------+----------+-------------------------------------------
     0 | D:1      | Debik the Gargoyle Earth Elementalist began the quest for
                  | the Orb.
     0 | D:1      | Reached XP level 1. HP: 10/10 MP: 3/3
   400 | D:1      | Reached XP level 2. HP: 15/15 MP: 1/5
   415 | D:1      | Reached skill level 4 in Earth Magic
   713 | D:1      | Reached XP level 3. HP: 19/19 MP: 3/6
   718 | D:1      | Learned a level 3 spell: Stone Arrow
  1030 | D:2      | Found a sacrificial altar of Ru.
  1337 | D:2      | Reached XP level 4. HP: 24/24 MP: 1/8
  1694 | D:2      | Reached skill level 5 in Earth Magic
  1694 | D:2      | Reached XP level 5. HP: 28/28 MP: 7/9
  1719 | D:2      | Learned a level 5 spell: Lee's Rapid Deconstruction
  1780 | D:2      | Found a shattered altar of Ashenzari.
  2030 | D:3      | Found an ancient bone altar of Kikubaaqudgha.
  2714 | D:3      | Reached XP level 6. HP: 32/32 MP: 7/11
  3001 | D:4      | Found a deep blue altar of Sif Muna.
  3314 | D:4      | Reached skill level 6 in Earth Magic
  3501 | D:4      | Noticed Robin
  3537 | D:4      | Reached XP level 7. HP: 36/36 MP: 6/14
  3555 | D:4      | Reached skill level 5 in Spellcasting
  3595 | D:4      | Killed Robin
  3968 | D:4      | Reached skill level 7 in Earth Magic
  4190 | D:5      | Entered Level 5 of the Dungeon
  4272 | D:5      | Reached XP level 8. HP: 41/41 MP: 7/16
  4348 | D:5      | Reached skill level 8 in Earth Magic
  4493 | D:5      | Reached skill level 9 in Earth Magic
  5076 | D:6      | Found a white marble altar of Elyvilon.
  5252 | D:6      | Found a radiant altar of Vehumet.
  5304 | D:6      | Became a worshipper of Vehumet
  5566 | D:6      | Found a staircase to the Ecumenical Temple.
  5772 | D:7      | Reached skill level 1 in Staves
  5789 | D:7      | Found a snail-covered altar of Cheibriados.
  5912 | D:7      | Reached XP level 9. HP: 44/46 MP: 5/19
  6123 | D:7      | Got a crude rapier
  6124 | D:7      | Identified the +1 rapier "Kahoi" {freeze, rF+} (You found
                  | it on level 7 of the Dungeon)
  6452 | D:8      | Reached skill level 1 in Fighting
  6642 | D:8      | Found a burning altar of Makhleb.
  6655 | D:8      | Found Noxezed's Armour Shop.
  6661 | D:8      | Bought a scarf of repulsion for 156 gold pieces
  6729 | D:8      | Reached skill level 10 in Earth Magic
  6747 | D:8      | Found Linwu's General Store.
  6755 | D:8      | Bought 18 stones for 23 gold pieces
  6755 | D:8      | Bought a potion of heal wounds for 65 gold pieces
  6755 | D:8      | Bought 27 stones for 35 gold pieces
  6755 | D:8      | Bought 24 stones for 31 gold pieces
  6755 | D:8      | Bought 23 stones for 29 gold pieces
  6865 | D:8      | Reached skill level 1 in Short Blades
  6880 | D:8      | Found Vitzuen's Distillery.
  6937 | D:8      | Found Xeops's Antique Weapon Shoppe.
  7136 | D:8      | Found Pexzac's General Store.
  7351 | D:9      | Reached * piety under Vehumet
  7351 | D:9      | Offered knowledge of Sting by Vehumet.
  7651 | D:9      | Noticed a deep elf mage
  7653 | D:9      | Killed a deep elf mage
  7653 | D:9      | Reached skill level 1 in Conjurations
  7749 | D:9      | Reached XP level 10. HP: 56/56 MP: 0/22
  8026 | D:9      | Noticed Erolcha
  8030 | D:9      | Killed Erolcha
  8030 | D:9      | Reached skill level 11 in Earth Magic
  8265 | D:9      | Found a hide-covered altar of Uskayaw.
  8433 | D:10     | Entered Level 10 of the Dungeon
  8621 | D:10     | Killed an unseen horror
  8773 | D:10     | Reached skill level 5 in Fighting
  8879 | D:10     | Reached skill level 12 in Earth Magic
  8965 | D:10     | Reached ** piety under Vehumet
  8991 | D:10     | Noticed a gargoyle
  8993 | D:10     | Killed a gargoyle
  8993 | D:10     | Offered knowledge of Magic Dart by Vehumet.
  9033 | D:10     | Reached skill level 10 in Spellcasting
  9139 | D:10     | Identified a scroll of acquirement
  9146 | D:10     | Reached XP level 11. HP: 64/64 MP: 22/25
  9384 | D:10     | Killed an unseen horror
  9887 | D:8      | Bought a book of Transfigurations for 825 gold pieces
  9912 | D:8      | Learned a level 5 spell: Irradiate
 10076 | D:11     | Noticed a cyclops
 10083 | D:11     | Killed a cyclops
 10084 | D:11     | Offered knowledge of Inner Flame by Vehumet.
 10190 | D:11     | Noticed a brown ugly thing
 10196 | D:11     | Killed a brown ugly thing
 10533 | D:11     | Reached *** piety under Vehumet
 10549 | D:11     | Reached skill level 1 in Transmutations
 10583 | D:11     | Noticed a cyan ugly thing
 10719 | D:11     | Reached skill level 13 in Earth Magic
 10749 | D:11     | Found a staircase to the Lair.
 10930 | D:11     | Got a warped quarterstaff
 10931 | D:11     | Identified the +10 quarterstaff of Poriu {speed, +Blink
                  | rElec Int+3 Dex-5} (You found it on level 11 of the
                  | Dungeon)
 10947 | D:11     | Noticed a death yak
 11066 | D:11     | Killed a cyan ugly thing
 11253 | D:11     | Offered knowledge of Sticky Flame by Vehumet.
 11330 | D:11     | Noticed a three-headed hydra
 11335 | D:11     | Killed a three-headed hydra
 11335 | D:11     | Reached XP level 12. HP: 72/72 MP: 7/27
 11656 | D:11     | Noticed a death yak
 11656 | D:11     | Noticed a death yak
 11657 | D:11     | Noticed a death yak
 11805 | D:11     | Reached **** piety under Vehumet
 11805 | D:11     | Killed a death yak
 11806 | D:11     | Killed a death yak
 11807 | D:11     | Killed a death yak
 11808 | D:11     | Offered knowledge of Fulminant Prism by Vehumet.
 11808 | D:11     | Reached skill level 14 in Earth Magic
 12004 | D:11     | Killed a death yak
 12788 | Lair:1   | Entered Level 1 of the Lair of Beasts
 12817 | Lair:1   | Noticed Harold
 12829 | Lair:1   | Killed Harold
 12860 | Lair:1   | Learned a level 4 spell: Summon Lightning Spire
 13151 | Lair:1   | Noticed Joseph
 13164 | Lair:1   | Killed Joseph
 13169 | Lair:1   | Noticed a death yak
 13318 | Lair:1   | Killed a death yak
 13318 | Lair:1   | Reached XP level 13. HP: 30/80 MP: 7/28
 13977 | Lair:2   | Got a faintly glowing halberd
 13978 | Lair:2   | Identified the +6 halberd "Badwog" {flame, +Inv rF+ rC-}
                  | (You found it on level 2 of the Lair of Beasts)
 14009 | Lair:2   | Found a staircase to the Swamp.
 14118 | Lair:2   | Found a frozen archway.
 14129 | IceCv    | Entered an ice cave
 14726 | IceCv    | Reached ***** piety under Vehumet
 14753 | IceCv    | Offered knowledge of Bolt of Draining by Vehumet.
 14760 | IceCv    | Learned a level 5 spell: Bolt of Draining
 14856 | IceCv    | Got a bronze scale mail
 14923 | IceCv    | Identified the +0 scale mail of Cuoretanyo {Stlth+} (You
                  | found it in an ice cave)
 15685 | Lair:2   | Noticed Urug
 15699 | Lair:2   | Killed Urug
 16245 | Lair:3   | Reached skill level 15 in Earth Magic
 16563 | Lair:3   | Reached skill level 5 in Conjurations
 16568 | Lair:3   | Reached skill level 10 in Fighting
 17678 | Lair:4   | Gained mutation: Your large and strong wings let you fly
                  | indefinitely. [Gargoyle growth]
 17678 | Lair:4   | Reached XP level 14. HP: 83/88 MP: 6/31
 17817 | Lair:4   | Found an iron altar of Okawaru.
 18028 | Lair:4   | Found a staircase to the Snake Pit.
 18278 | Lair:4   | Offered knowledge of Conjure Ball Lightning by Vehumet.
 19244 | Lair:4   | Reached skill level 16 in Earth Magic
 19470 | Lair:4   | Got a brightly glowing flail
 19471 | Lair:4   | Identified the +4 flail "Idioch" {venom, +Rage rF+ rN+++
                  | MR-} (You found it on level 4 of the Lair of Beasts)
 20301 | Lair:5   | Noticed Sonja
 20583 | Lair:5   | Killed Sonja
 20745 | Lair:5   | Found a staircase to the Slime Pits.
 20995 | Lair:5   | Got a smoking quarterstaff
 20996 | Lair:5   | Identified the +6 quarterstaff "Hellblazer" {crush, rC+
                  | rN+++ MR- Str-3} (You found it on level 5 of the Lair of
                  | Beasts)
 21220 | Lair:6   | Entered Level 6 of the Lair of Beasts
 22208 | Lair:6   | Reached XP level 15. HP: 87/95 MP: 6/32
 23297 | Lair:6   | Reached ****** piety under Vehumet
 23308 | Lair:6   | Offered knowledge of Iron Shot by Vehumet.
 23501 | Lair:6   | Reached skill level 5 in Transmutations
 23554 | Lair:6   | Identified the Volume of Evil Magic and Dislocation
 23563 | Lair:6   | Learned a level 6 spell: Iron Shot
 23755 | Lair:6   | Reached skill level 17 in Earth Magic
 24666 | D:12     | Found a staircase to the Orcish Mines.
 24677 | D:12     | Offered knowledge of Fireball by Vehumet.
 24684 | D:12     | Learned a level 5 spell: Fireball
 24689 | D:12     | Found a roughly hewn altar of Beogh.
 24797 | Orc:1    | Entered Level 1 of the Orcish Mines
 25540 | Orc:2    | Entered Level 2 of the Orcish Mines
 25694 | Orc:2    | Reached skill level 1 in Fire Magic
 26210 | Orc:2    | Found Xydin's Book Boutique.
 26225 | Orc:2    | Bought a book of Clouds for 585 gold pieces
 26232 | Orc:2    | Learned a level 6 spell: Freezing Cloud
 26261 | Orc:2    | Found Plog's Assorted Antiques.
 26729 | Orc:2    | Offered knowledge of Spellforged Servitor by Vehumet.
 26896 | Orc:2    | Found Hitarux's Jewellery Shoppe.
 26897 | Orc:2    | Found Hianwage's Gadget Boutique.
 26897 | Orc:2    | Found Ozafeuskan's Food Boutique.
 26906 | Orc:2    | Bought a +3 amulet of reflection for 188 gold pieces
 26921 | Orc:2    | Bought a potion of curing for 75 gold pieces
 26921 | Orc:2    | Bought a scroll of blinking for 187 gold pieces
 26921 | Orc:2    | Bought a scroll of teleportation for 75 gold pieces
 27100 | Orc:2    | Found a staircase to the Elven Halls.
 27430 | D:8      | Bought a potion of curing for 33 gold pieces
 27430 | D:8      | Bought a potion of heal wounds for 55 gold pieces
 27430 | D:8      | Bought a potion of curing for 33 gold pieces
 27430 | D:8      | Bought 2 potions of curing for 66 gold pieces
 27430 | D:8      | Bought a potion of haste for 110 gold pieces
 27430 | D:8      | Bought a potion of magic for 88 gold pieces
 27430 | D:8      | Bought a potion of resistance for 110 gold pieces
 27430 | D:8      | Bought a potion of ambrosia for 88 gold pieces
 27430 | D:8      | Bought a potion of heal wounds for 55 gold pieces
 27582 | D:12     | Found Suvustem's Gadget Boutique.
 28297 | D:13     | Reached XP level 16. HP: 101/101 MP: 16/34
 28538 | D:13     | Found a gate to the Vaults.
 28620 | D:13     | Found a gateway to a bazaar.
 28636 | Bazaar   | Entered a bazaar
 28657 | Bazaar   | Found Weosh's Weapon Shop.
 28670 | Bazaar   | Found Bekhlova's Magic Scroll Boutique.
 28699 | Bazaar   | Found Guqihara's Food Shop.
 28699 | Bazaar   | Found Iquqo's Distillery.
 28710 | Bazaar   | Bought a potion of haste for 180 gold pieces
 28710 | Bazaar   | Bought a potion of resistance for 180 gold pieces
 28710 | Bazaar   | Bought a potion of haste for 180 gold pieces
 28710 | Bazaar   | Bought a potion of heal wounds for 90 gold pieces
 28710 | Bazaar   | Bought a potion of haste for 180 gold pieces
 28988 | D:14     | Found a shattered altar of Ashenzari.
 29018 | D:14     | Reached skill level 15 in Spellcasting
 29043 | D:14     | Got a warped robe
 29054 | D:14     | Identified the +1 robe "Daol" {*Slow Str+4 Dex+4} (You
                  | found it on level 14 of the Dungeon)
 29286 | D:14     | Offered knowledge of Ozocubu's Refrigeration by Vehumet.
 29357 | D:14     | Got a crude pewter ring
 29359 | D:14     | Identified the ring of Jaoqeugid {MP+9 Str+4 Dex+2} (You
                  | found it on level 14 of the Dungeon)
 29476 | D:14     | Noticed Nessos
 29482 | D:14     | Killed Nessos
 29548 | D:14     | Reached skill level 5 in Staves
 29910 | D:15     | Entered Level 15 of the Dungeon
 30848 | D:15     | Reached skill level 5 in Fire Magic
 30848 | D:15     | Reached skill level 18 in Earth Magic
 31168 | D:15     | Found a staircase to the Depths.
 31392 | Swamp:1  | Entered Level 1 of the Swamp
 31838 | Swamp:1  | Noticed Josephine
 31848 | Swamp:1  | Killed Josephine
 32512 | Swamp:2  | Offered knowledge of Bolt of Fire by Vehumet.
 32647 | Swamp:2  | You are sucked into a shaft!
 32660 | Swamp:3  | Found a large runed translucent door.
 32660 | Swamp:3  | Found a large runed translucent door.
 32661 | Swamp:3  | Noticed reggie's ghost (journeyman DrWz)
 32709 | Swamp:3  | Reached skill level 5 in Dodging
 32878 | Swamp:2  | You are sucked into a shaft!
 32894 | Swamp:3  | Reached XP level 17. HP: 101/108 MP: 15/36
 33848 | Swamp:3  | Identified Roxanne's Handbook of Earth
 33848 | Swamp:3  | Noticed Roxanne
 33852 | Swamp:3  | Killed Roxanne
 34339 | Swamp:4  | Entered Level 4 of the Swamp
 35109 | Swamp:4  | Reached skill level 10 in Conjurations
 35596 | Swamp:3  | Killed reggie's ghost
 35729 | Swamp:3  | You are sucked into a shaft!
 36061 | Swamp:4  | Offered knowledge of Lehudib's Crystal Spear by Vehumet.
 36061 | Swamp:4  | Offered knowledge of Glaciate by Vehumet.
 36061 | Swamp:4  | Offered knowledge of Ignition by Vehumet.
 36647 | Swamp:4  | Got a decaying rune of Zot
 37129 | Snake:1  | Entered Level 1 of the Snake Pit
 37466 | Snake:1  | Reached skill level 1 in Shields
 37466 | Snake:1  | Reached XP level 18. HP: 115/115 MP: 30/38
 37728 | Snake:1  | Found Qeanept's Food Shoppe.
 38030 | Snake:2  | Noticed Vashnia
 38631 | Snake:2  | Killed Vashnia
 38880 | Snake:2  | Reached skill level 19 in Earth Magic
 39047 | Snake:2  | You are sucked into a shaft!
 39117 | Snake:3  | Gained mutation: You are clumsy. (Dex -2) [mutagenic glow]
 39151 | Snake:3  | Gained mutation: Scrolls take you a little longer to read.
                  | [mutagenic glow]
 40892 | Snake:4  | Entered Level 4 of the Snake Pit
 41312 | Snake:4  | Noticed Saint Roka
 42124 | Snake:4  | Reached XP level 19. HP: 122/122 MP: 23/39
 42439 | Snake:3  | Killed Saint Roka
 43727 | Snake:4  | Gained mutation: You are frail. (-10% HP) [mutagenic glow]
 43870 | Snake:4  | Reached skill level 15 in Fighting
 44439 | Snake:4  | Got a serpentine rune of Zot
 44717 | Elf:1    | Entered Level 1 of the Elven Halls
 44724 | Elf:1    | Reached skill level 20 in Earth Magic
 45067 | Elf:1    | Reached skill level 5 in Stealth
 45729 | Elf:1    | Identified the Incunabulum of Creative Battle Magic
 46449 | Elf:2    | Reached XP level 20. HP: 116/116 MP: 41/41
 47005 | Elf:2    | Identified the Collected Works on Conjuration
 47456 | Elf:2    | Found Cerif's Jewellery Boutique.
 47457 | Elf:2    | Found Petupp's Gadget Emporium.
 47458 | Elf:2    | Found Xuth's Jewellery Boutique.
 47463 | Elf:2    | Bought the ring "Dopneh" {Ice Int+5 Stlth+} for 724 gold
                  | pieces
 47577 | Elf:2    | Found a huge runed translucent gate.
 47577 | Elf:2    | Found a huge runed translucent gate.
 47577 | Elf:2    | Found a huge runed translucent gate.
 47577 | Elf:2    | Found a huge runed translucent gate.
 47578 | Elf:2    | Found a huge runed translucent gate.
 47763 | Elf:2    | Gained mutation: Your spells are a little easier to cast,
                  | but a little less powerful. [mutagenic glow]
 47957 | Elf:2    | Slain by a +3 dire flail of holy wrath

Skill      XL: |  1  2  3  4  5  6  7  8  9 10 11 12 13 14 15 16 17 18 19 20 |
---------------+-------------------------------------------------------------+-----
Earth Magic    | 4 5 6 7 9 10 12 13 14 15 16 17 18 19 20 | 20.4
Dodging        | 2 3 4 5 6 |  6.9
Spellcasting   | 3 4 5 7 8 10 11 13 14 15 16 17 | 17.8
Staves         | 1 3 4 5 6 7 8 |  8.1
Stealth        | 3 4 5 |  5.0
Fighting       | 3 5 7 9 10 11 12 13 14 15 | 15.7
Short Blades   | 1 |  1.0
Conjurations   | 1 3 5 6 8 9 10 11 12 | 12.6
Transmutations | 2 4 5 6 |  6.1
Fire Magic     | 3 6 7 |  7.9
Shields        | 1 2 |  2.4
Unarmed Combat | |  0.4
Ice Magic      | |  0.8
Air Magic      | |  0.3
Evocations     | |  0.1

Action                   |  1- 3 |  4- 6 |  7- 9 | 10-12 | 13-15 | 16-18 | 19-21 || total
-------------------------+-------+-------+-------+-------+-------+-------+-------++-------
Melee: Unarmed           |    32 |       |       |       |       |       |       ||    32
       Whip              |     6 |       |       |       |       |       |       ||     6
       Quarterstaff      |     5 |    11 |    17 |    27 |   146 |   279 |   207 ||   692
       Rapier            |       |       |    45 |     6 |       |       |       ||    51
       Staff             |       |       |       |       |    15 |       |       ||    15
 Cast: Sandblast         |    48 |    93 |   138 |   196 |   260 |   120 |    31 ||   886
       Stone Arrow       |       |     1 |    15 |    36 |   393 |    84 |    23 ||   552
       Lee's Rapid Decon |       |       |    12 |    49 |   122 |    88 |    39 ||   310
       Irradiate         |       |       |       |     9 |    88 |    71 |    33 ||   201
       Bolt of Draining  |       |       |       |       |     1 |       |       ||     1
       Fireball          |       |       |       |       |    20 |    79 |    11 ||   110
       Iron Shot         |       |       |       |       |       |   235 |   152 ||   387
       Freezing Cloud    |       |       |       |       |       |     2 |     5 ||     7
 Abil: Evoke Blink       |       |       |       |     1 |       |       |       ||     1
       Fly               |       |       |       |       |     1 |       |       ||     1
  Use: Scroll            |       |       |    19 |     5 |    14 |    11 |     1 ||    50
       Potion            |       |       |       |     3 |     4 |    13 |     5 ||    25
 Stab: Sleeping          |       |     1 |     1 |       |       |       |       ||     2
       Distracted        |       |       |     1 |       |       |       |       ||     1
  Eat: Chunk             |     2 |     5 |    21 |    21 |    39 |    12 |    16 ||   116
       Ration            |       |     1 |       |     1 |     7 |    18 |     4 ||    31
Armor: Robe              |     9 |     9 |    49 |    75 |   135 |       |    64 ||   341
       Steam dragon scal |       |       |       |       |   138 |   359 |    95 ||   592
Dodge: Dodged            |    48 |    20 |    64 |    83 |   347 |   377 |   133 ||  1072
       Deflected         |       |       |       |     9 |    12 |    60 |    38 ||   119
Block: Other             |       |       |       |       |     1 |    80 |    18 ||    99
       Reflection        |       |       |       |       |       |     9 |     2 ||    11
